 Dungeon Crawl Stone Soup version 0.24.1-4-ge52af88ad5 (webtiles) character file.

Game seed: 7361632692698189763, levelgen mode: deterministic

130657 ineo the Whirler (level 16, -25/86 HPs)
             Began as a Spriggan Hunter on Apr 19, 2020.
             Was an Initiate of Gozag.
             Annihilated by a white very ugly thing (48 damage)
             ... on level 1 of the Elven Halls.
             The game lasted 03:36:26 (48803 turns).

ineo the Whirler (Spriggan Hunter)                 Turns: 48803, Time: 03:36:29

Health: -25/86     AC: 17    Str: 13    XL:     16   Next: 53%
Magic:  31/31      EV: 17    Int: 18    God:    Gozag
Gold:   1051       SH:  9    Dex: 16    Spells: 14/36 levels left

rFire    . . .     SeeInvis +   b - +2 dagger (venom)
rCold    . . .     Gourm    .   R - +1 buckler of Sin {rN+ Stlth+}
rNeg     + . .     Faith    .   q - +1 shadow dragon scales
rPois    +         Spirit   .   J - +2 hat {Int+3}
rElec    .         Reflect  .   V - +2 cloak {rPois}
rCorr    .         Harm     .   (gloves unavailable)
MR       ++++.     Clarity  +   (boots unavailable)
Stlth    +++++++...             v - amulet of rage
HPRegen  0.24/turn              r - ring of protection from magic
MPRegen  0.22/turn              W - ring of protection from magic

@: hasted, very quick
A: very small, unfitting armour, horns 1, see invisible, clarity, herbivore,
speed 3, slow metabolism 2, evolution 1
a: Potion Petition, Call Merchant, Bribe Branch, Renounce Religion, Evoke
Berserk Rage


You were on level 1 of the Elven Halls.
You worshipped Gozag.
Gozag was most pleased with you.
You were not hungry.

You visited 6 branches of the dungeon, and saw 27 of its levels.
You visited the Abyss 1 time.
You also visited: Bailey and Ice Cave.

You collected 9340 gold pieces.
You spent 5283 gold pieces at shops.
You paid 3006 gold pieces to Gozag.

Inventory:

Hand Weapons
 a - a +2 fustibalus of electrocution
 b - a +2 dagger of venom (weapon)
 L - the +6 mace of Utoor {pain, *Corrode +Inv Int+4 Dex+2}
   (You found it on level 12 of the Dungeon)

   In the hands of one skilled in necromantic magic, it inflicts extra damage on
   living creatures.
   It affects your intelligence (+4).
   It affects your dexterity (+2).
   It lets you turn invisible.
   It may corrode you when you take damage.
 Q - a +2 short sword
Missiles
 d - 77 sling bullets
 e - 141 stones
 w - 69 poisoned darts
 x - 47 boomerangs (quivered)
 z - a throwing net
 H - 5 curare-tipped darts
Armour
 c - a +2 robe of the Archmagi
 k - a scarf of repulsion
 q - +1 shadow dragon scales (worn)
 J - a +2 hat of intelligence (worn)
 M - a +1 robe of magic resistance
 R - the +1 buckler of Sin (worn) {rN+ Stlth+}
   (You found it on level 12 of the Dungeon)

   It protects you from negative energy.
   It makes you more stealthy.
 V - a +2 cloak of poison resistance (worn)
Jewellery
 m - an uncursed ring of protection from fire
 r - a ring of protection from magic (left hand)
 v - an amulet of rage (around neck)
 D - an uncursed ring of ice
 F - an uncursed ring of positive energy
 T - an uncursed ring of resist corrosion
 W - a ring of protection from magic (right hand)
Wands
 l - a wand of paralysis (5)
 y - a wand of iceblast (28)
 A - a wand of acid (23)
 B - a wand of clouds (8)
 O - a wand of disintegration (11)
 X - a wand of digging (4)
Scrolls
 g - 6 scrolls of teleportation
 j - 2 scrolls of silence
 s - 4 scrolls of remove curse
 K - 3 scrolls of blinking
 U - 6 scrolls of identify
 Z - 2 scrolls of fog
Potions
 h - 6 potions of might
 i - 2 potions of brilliance
 n - 4 potions of agility
 p - 6 potions of heal wounds
 t - 3 potions of lignification
 u - 12 potions of curing
 C - a potion of haste
 E - a potion of ambrosia
 G - 3 potions of flight
 I - 2 potions of berserk rage
 P - 2 potions of magic
 S - a potion of cancellation
 Y - 2 potions of resistance
Miscellaneous
 N - a phial of floods
Comestibles
 f - 36 rations


   Skills:
 - Level 10.5 Fighting
 - Level 6.4 Short Blades
   Level 2.1 Polearms
 - Level 15.0(15.1) Slings
 + Level 2.2(8.8) Throwing
 + Level 2.0 Armour
 - Level 13.2 Dodging
 - Level 10.5 Stealth
 - Level 7.2 Shields
 - Level 10.8 Spellcasting
 - Level 5.4 Hexes
 - Level 8.0 Charms
 - Level 6.4 Summonings
 - Level 5.0 Necromancy
 - Level 7.1 Air Magic
 - Level 3.5 Evocations


You had 14 spell levels left.
You knew the following spells:

 Your Spells              Type           Power        Failure   Level  Hunger
a - Summon Lightning Spi  Summ/Air       ####....     82%         4    ##.....
b - Confuse               Hex            ####....     61%         3    None
c - Animate Skeleton      Necr           N/A          30%         1    None
d - Regeneration          Chrm/Necr      ####......   45%         3    None
e - Blink                 Tloc           N/A          98%         2    None
f - Conjure Flame         Conj/Fire      #.......     100%        3    None
g - Mephitic Cloud        Conj/Pois/Air  ###.....     95%         3    None
h - Portal Projectile     Hex/Tloc       ###...       93%         3    None

Your spell library contained the following spells:

 Spells                   Type           Power        Failure   Level  Hunger
 Summon Small Mammal      Summ           ####         17%         1    None
 Confusing Touch          Hex            ####..       26%         1    None
 Corona                   Hex            ####...      26%         1    None
 Call Imp                 Summ           ####....     26%         2    None
 Pain                     Necr           ####         30%         1    None
 Slow                     Hex            ####....     36%         2    None
 Call Canine Familiar     Summ           ####....     45%         3    None
 Summon Guardian Golem    Hex/Summ       ####....     52%         3    None
 Tukima's Dance           Hex            ####....     61%         3    None
 Poisonous Vapours        Pois/Air       ###...       63%         2    None
 Vampiric Draining        Necr           ####......   67%         3    None
 Ensorcelled Hibernation  Hex/Ice        ###...       75%         2    None
 Dazzling Spray           Conj/Hex       ###...       93%         3    None
 Inner Flame              Hex/Fire       ###.....     93%         3    None
 Magic Dart               Conj           #...         94%         1    None
 Sting                    Conj/Pois      #...         94%         1    None
 Cause Fear               Hex            ####......   95%         4    ##.....
 Animate Dead             Necr           N/A          97%         4    ##.....
 Summon Ice Beast         Ice/Summ       ###.....     99%         4    ##.....
 Gell's Gravitas          Tloc           #.........   100%        3    None
 Ice Form                 Ice/Tmut       #.......     100%        4    ##.....
 Leda's Liquefaction      Hex/Erth       ###.......   100%        4    ##.....
 Olgreb's Toxic Radiance  Pois           #.......     100%        4    ##.....
 Petrify                  Tmut/Erth      #.......     100%        4    ##.....
 Metabolic Englaciation   Hex/Ice        ###.......   100%        5    #####..
 Venom Bolt               Conj/Pois      #.........   100%        5    #####..
 Yara's Violent Unravell  Hex/Tmut       ###.......   100%        5    #####..
 Bolt of Cold             Conj/Ice       #.........   100%        6    ######.
 Freezing Cloud           Conj/Ice/Air   ###.......   100%        6    ######.
 Ozocubu's Refrigeration  Ice            #.........   100%        6    ######.
 Simulacrum               Ice/Necr       ###.......   100%        6    ######.


Dungeon Overview and Level Annotations

Branches:
Dungeon (15/15)            Temple (0/1) D:4            Lair (6/6) D:9
  Swamp (1/4) Lair:4       Spider (1/4) Lair:2        Slime (0/5) Lair:6
    Orc (2/2) D:9             Elf (2/3) Orc:2        Vaults (0/5) D:14
 Depths (0/5) D:15         Bailey (visited)           IceCv (visited)

Altars:
Elyvilon
Gozag
Kikubaaqudgha
Makhleb
Qazlal
Ru
Sif Muna
Trog
Vehumet
Zin
Beogh
Jiyva

Shops:
D:9 *   D:12 *   Orc:2 !}[[[   Lair:4 ([*[

Annotations:
D:2 exclusion: downstairs
D:6 exclusion: downstairs
D:7 exclusion: 2 downstairs
D:10 exclusion: downstairs
D:11 exclusion: downstairs
D:14 exclusion: downstairs
Orc:1 exclusion: downstairs
Elf:2 3 runed translucent doors


Innate Abilities, Weirdness & Mutations

You are very small and have problems with some larger weapons.
You are too small for most types of armour.
You have supernaturally acute eyesight. (SInv)
You are a herbivore.
You cover ground extremely quickly.
You need to consume almost no food.
You have a pair of small horns on your head.
You possess an exceptional clarity of mind.
You evolve.


Message History

You block the white very ugly thing's attack.
You hit the white very ugly thing but do no damage.
You headbutt the white very ugly thing.
The white very ugly thing is lightly wounded.
The large abomination hits you!!
You barely miss the white very ugly thing.
The white very ugly thing is lightly wounded.
The white very ugly thing misses you.
You hit the white very ugly thing but do no damage.
The white very ugly thing is poisoned.
You headbutt the white very ugly thing, but do no damage.
You hit the white very ugly thing.
The white very ugly thing is lightly wounded.
The large abomination hits you but does no damage.
The white very ugly thing claws you!
* * * LOW HITPOINT WARNING * * *
The white very ugly thing freezes you!!!
Ouch! That really hurt!
You die...
Your body crumbles into a pile of gold.

# #.).# #.........#
.
###...############'#
#
#.......##########.#
+
#..................#
#.#
#.......############
# .# ###....## # .#
#....# # .## ####u#
# ##.## #@# # #.§.##
#X# # ##.##§### #.#
###...§§§§## #.#
#.....#§§§§### #.#
E....###§§§§.# #.#
.....# #.§§§.# #.#
...### ###..§###.#
..## ##.#.##'##


You could see a white very ugly thing and a large abomination.

Vanquished Creatures
  A deep elf death mage (Elf:1)
  Snorg (Lair:5)
  A yaktaur captain (D:15)
  2 fire dragons
  Erolcha (Orc:2)
  Harold (D:7)
  A centaur warrior (D:15)
  7 hydras
  2 catoblepae
  4 two-headed ogres
  2 deep elf knights
  Sonja (D:12)
  Nergalle (Orc:2)
  2 unseen horrors
  A lindwurm (Lair:6)
  An orc knight (D:15)
  2 necromancers
  2 orb spiders (Spider:1)
  A wolf spider (Spider:1)
  12 deep elf magi
  7 ugly things
  6 orc sorcerers (Orc:2)
  2 cyclopes
  7 black mambas
  7 elephants
  Maurice (Orc:1)
  An ice statue (IceCv)
  2 gargoyles (D:13)
  Psyche (D:12)
  3 molten gargoyles (Lair:6)
  12 spiny frogs
  Joseph (D:7)
  3 rime drakes
  9 komodo dragons
  2 yaktaurs (D:15)
  11 freezing wraiths
  A jumping spider (shapeshifter) (Elf:1)
  3 jumping spiders
  A polar bear (Lair:6)
  A queen bee (D:13)
  5 trolls
  3 meliai (D:13)
  Grinder (D:5)
  18 blink frogs
  5 hippogriffs
  2 air elementals (Elf:1)
  9 redbacks
  2 shadows
  A tarantella (Spider:1)
  12 wyverns
  2 wraiths (D:13)
  A water elemental (Elf:1)
  4 hogs
  42 yaks
  Eustachio (D:5)
  A human (D:8)
  4 hungry ghosts (D:11)
  7 basilisks
  A death yak simulacrum (IceCv)
  4 steam dragons
  6 vampire mosquitoes (Lair:4)
  5 wargs
  18 water moccasins
  7 porcupines
  4 hell hounds (Lair:6)
  24 orc warriors
  2 eyes of draining
  6 sky beasts
  5 necrophages (Lair:3)
  2 phantoms
  A black bear (D:12)
  An alligator simulacrum (IceCv)
  11 ice beasts
  15 ogres
  46 wolves
  15 crocodiles
  15 centaurs
  14 bullfrogs
  3 wyvern zombies
  A scorpion (D:8)
  25 killer bees
  An elephant simulacrum (IceCv)
  12 wights
  2 electric eels
  A howler monkey (D:8)
  11 crimson imps
  5 lava snakes (Lair:6)
  A bullfrog zombie (D:11)
  4 centaur zombies
  4 jellies
  A quasit (D:7)
  6 draconian simulacra (IceCv)
  Crazy Yiuf (D:7)
  4 bullfrog skeletons
  7 hounds
  19 orc priests
  3 centaur skeletons
  An iguana (D:8)
  39 orc wizards
  A spriggan simulacrum (IceCv)
  13 worker ants
  A wolf simulacrum (IceCv)
  6 troll simulacra (IceCv)
  3 centaur simulacra (IceCv)
  2 hound skeletons
  3 worker ant zombies
  13 gnolls (Bailey)
  10 adders
  4 ogre simulacra (IceCv)
  6 shadow imps
  12 white imps (IceCv)
  An adder skeleton (D:4)
  3 adder zombies
  3 worms
  3 dart slugs
  5 leopard geckos
  96 orcs
  2 ball pythons
  A giant cockroach (D:2)
  5 goblins
  19 hobgoblins
  3 jackals (D:1)
  5 quokkas
  8 bats
  4 frilled lizards
  A jackal skeleton (D:4)
  A jackal zombie (D:5)
  18 kobolds
  A leopard gecko zombie (D:5)
  2 quokka skeletons
  8 rats
  A fungus (Lair:6)
864 creatures vanquished.

Vanquished Creatures (collateral kills)
  2 orc sorcerers (Orc:2)
  An ogre (Orc:2)
  4 centaurs (D:12)
  A killer bee (D:12)
  6 orc wizards
  A worker ant (D:12)
  2 orcs (D:12)
17 creatures vanquished.

Vanquished Creatures (others)
  Nessos (D:12)
  6 dancing weapons
  A wizard (D:11)
  An orc wizard (Orc:2)
  9 fungi
  8 plants
26 creatures vanquished.

Grand Total: 907 creatures vanquished

Notes
Turn   | Place    | Note
-------+----------+-------------------------------------------
     0 | D:1      | ineo the Spriggan Hunter began the quest for the Orb.
     0 | D:1      | Reached XP level 1. HP: 10/10 MP: 2/2
   433 | D:1      | Reached skill level 5 in Slings
   772 | D:1      | Reached XP level 2. HP: 14/14 MP: 3/3
  1582 | D:2      | Reached XP level 3. HP: 18/18 MP: 4/4
  1795 | D:2      | Reached skill level 6 in Slings
  1810 | D:2      | Found a sacrificial altar of Ru.
  1949 | D:2      | Reached XP level 4. HP: 23/23 MP: 5/5
  1969 | D:2      | Found a faded altar of an unknown god.
  1969 | D:2      | Found a white marble altar of Elyvilon.
  1974 | D:2      | Found an opulent altar of Gozag.
  1976 | D:2      | Found a faded altar of an unknown god.
  1977 | D:2      | Found a glowing silver altar of Zin.
  1980 | D:2      | Became a worshipper of Gozag Ym Sagoz the Greedy
  3040 | D:3      | Found a transporter.
  3089 | D:3      | Reached skill level 7 in Slings
  3227 | D:3      | Reached XP level 5. HP: 25/26 MP: 6/6
  4074 | D:3      | Found a transporter.
  4368 | D:3      | Reached skill level 1 in Short Blades
  4428 | D:4      | Reached skill level 8 in Slings
  4439 | D:4      | Reached XP level 6. HP: 24/30 MP: 7/7
  4513 | D:4      | Reached skill level 1 in Throwing
  4519 | D:4      | Found a staircase to the Ecumenical Temple.
  4992 | D:4      | Reached skill level 9 in Slings
  4992 | D:4      | Reached XP level 7. HP: 35/35 MP: 8/8
  5295 | D:4      | Found a stormy altar of Qazlal.
  5469 | D:5      | Entered Level 5 of the Dungeon
  5919 | D:5      | Noticed Grinder
  6033 | D:5      | Paralysed by Grinder for 4 turns
  6046 | D:5      | Killed Grinder
  6046 | D:5      | Reached skill level 10 in Slings
  6046 | D:5      | Reached XP level 8. HP: 40/40 MP: 9/9
  6514 | D:5      | Noticed Eustachio
  6604 | D:5      | Killed Eustachio
  6604 | D:5      | Reached skill level 5 in Dodging
  6867 | D:6      | Reached skill level 5 in Stealth
  7255 | D:6      | Reached skill level 5 in Short Blades
  7754 | D:7      | Noticed Harold
  7799 | D:7      | Killed Harold
  7799 | D:7      | Reached skill level 1 in Polearms
  7799 | D:7      | Reached skill level 11 in Slings
  7799 | D:7      | Reached XP level 9. HP: 28/45 MP: 10/10
  7941 | D:7      | Noticed Joseph
  7978 | D:7      | Killed Joseph
  8040 | D:6      | Reached skill level 12 in Slings
  9057 | D:7      | Found a runed translucent door.
  9058 | D:7      | Noticed Crazy Yiuf
  9513 | D:7      | Killed Crazy Yiuf
  9541 | D:7      | Identified the +4 mace of Dim Light {flame, rC+ Stlth+}
                  | (You found it on level 7 of the Dungeon)
  9603 | D:6      | Learned a level 4 spell: Summon Lightning Spire
  9728 | D:8      | Found a bloodstained altar of Trog.
  9843 | D:8      | Reached skill level 1 in Spellcasting
  9975 | D:8      | Reached XP level 10. HP: 51/51 MP: 12/12
 10096 | D:8      | Reached skill level 1 in Air Magic
 10449 | D:8      | Reached skill level 1 in Shields
 10515 | D:8      | Reached skill level 1 in Summonings
 10661 | D:8      | Found a burning altar of Makhleb.
 10663 | D:8      | Found a radiant altar of Vehumet.
 11903 | D:8      | Reached skill level 13 in Slings
 12004 | D:8      | Learned a level 3 spell: Confuse
 12420 | D:9      | Reached skill level 1 in Hexes
 12499 | D:9      | Found a staircase to the Lair.
 12726 | D:9      | Reached skill level 5 in Fighting
 13475 | D:9      | Found Biqoog's General Store.
 13503 | D:9      | You fall into a shaft and drop 1 floor!
 13503 | D:10     | Entered Level 10 of the Dungeon
 13607 | D:10     | Learned a level 1 spell: Animate Skeleton
 13611 | D:10     | Learned a level 3 spell: Regeneration
 13615 | D:10     | Found a flagged portal.
 13628 | D:10     | Got a warped hand axe
 13629 | D:10     | Identified the +5 hand axe "ineo's Foe" {chaos, Int+4} (You
                  | found it on level 10 of the Dungeon)
 13634 | Bailey   | Entered a bailey
 14945 | D:10     | Reached skill level 5 in Summonings
 14945 | D:10     | Reached skill level 5 in Air Magic
 14945 | D:10     | Reached XP level 11. HP: 56/56 MP: 18/18
 14946 | D:10     | Gained mutation: You possess an exceptional clarity of
                  | mind. [potion of mutation]
 14946 | D:10     | Gained mutation: Your magical capacity is low. (-10% MP)
                  | [potion of mutation]
 14946 | D:10     | Gained mutation: You evolve. [potion of mutation]
 14946 | D:10     | Lost mutation: Your magical capacity is low. (-10% MP)
                  | [potion of mutation]
 15030 | D:11     | Found a frozen archway.
 15065 | IceCv    | Entered an ice cave
 15080 | IceCv    | Reached XP level 12. HP: 60/60 MP: 19/19
 15693 | IceCv    | Reached skill level 5 in Spellcasting
 16761 | IceCv    | Reached skill level 14 in Slings
 17152 | IceCv    | Reached skill level 5 in Hexes
 17444 | IceCv    | Found an ancient bone altar of Kikubaaqudgha.
 18210 | IceCv    | Gained mutation: Your muscles are strong. (Str +2)
                  | [evolution]
 19573 | D:11     | Found a bloodstained altar of Trog.
 19948 | D:11     | Noticed a two-headed ogre
 20074 | D:11     | Killed a two-headed ogre
 20144 | D:11     | Noticed a two-headed ogre
 20457 | D:11     | Killed a two-headed ogre
 20457 | D:11     | Reached skill level 5 in Shields
 20523 | D:12     | Noticed Nessos
 20552 | D:12     | Your ally died
 20596 | D:12     | Noticed an eight-headed hydra
 20604 | D:12     | Killed an eight-headed hydra
 20709 | D:12     | Noticed Sonja
 20712 | D:12     | Killed Sonja
 21336 | D:11     | Lost mutation: Your muscles are strong. (Str +2)
                  | [evolution]
 21747 | D:12     | Noticed Psyche
 21763 | D:12     | Killed Psyche
 21986 | D:12     | Got a shimmering buckler
 21998 | D:12     | Identified the +1 buckler of Sin {rN+ Stlth+} (You found it
                  | on level 12 of the Dungeon)
 22043 | D:12     | Learned a level 2 spell: Blink
 22047 | D:12     | Learned a level 3 spell: Conjure Flame
 22051 | D:12     | Learned a level 3 spell: Mephitic Cloud
 22057 | D:12     | Got an ivory mace
 22058 | D:12     | Identified the +6 mace of Utoor {pain, *Corrode +Inv Int+4
                  | Dex+2} (You found it on level 12 of the Dungeon)
 22092 | D:12     | Found Ytadghe's Mass Market.
 22248 | D:13     | Reached XP level 13. HP: 63/63 MP: 21/21
 24319 | D:14     | Reached skill level 1 in Charms
 24857 | D:14     | Found a gate to the Vaults.
 25067 | D:15     | Entered Level 15 of the Dungeon
 25344 | D:15     | Found a staircase to the Depths.
 26302 | D:15     | Noticed a fire dragon
 26597 | D:15     | Killed a fire dragon
 26597 | D:15     | Reached skill level 1 in Necromancy
 27929 | D:15     | Reached skill level 10 in Stealth
 27929 | D:15     | Reached skill level 5 in Charms
 27929 | D:15     | Reached XP level 14. HP: 72/72 MP: 25/25
 28545 | Lair:1   | Entered Level 1 of the Lair of Beasts
 29092 | Lair:1   | Learned a level 3 spell: Portal Projectile
 30275 | Lair:2   | Reached XP level 15. HP: 77/77 MP: 27/27
 30794 | Lair:2   | Gained mutation: You have a pair of small horns on your
                  | head. [evolution]
 31160 | Lair:2   | Found a hole to the Spider Nest.
 33538 | Lair:4   | Reached skill level 10 in Dodging
 34322 | Lair:4   | Found a staircase to the Swamp.
 35088 | Lair:5   | Noticed Snorg
 35477 | Lair:5   | Killed Snorg
 36313 | Lair:6   | Entered Level 6 of the Lair of Beasts
 36704 | Lair:6   | Reached skill level 5 in Necromancy
 36779 | Lair:6   | Found a shimmering blue altar of Sif Muna.
 36965 | Lair:6   | Reached skill level 1 in Evocations
 37060 | Lair:6   | Found a staircase to the Slime Pits.
 37060 | Lair:6   | Found a viscous altar of Jiyva.
 40167 | Lair:6   | Found a large runed translucent door.
 40167 | Lair:6   | Found a large runed translucent door.
 40763 | Lair:6   | Reached skill level 10 in Fighting
 40763 | Lair:6   | Reached XP level 16. HP: 66/85 MP: 9/30
 41526 | D:9      | Found a staircase to the Orcish Mines.
 41761 | Orc:1    | Entered Level 1 of the Orcish Mines
 41956 | Orc:1    | Noticed Maurice
 41981 | Orc:1    | Killed Maurice
 42406 | Orc:2    | Entered Level 2 of the Orcish Mines
 43340 | Orc:2    | Found Xaeminypnu's Armour Shoppe.
 43776 | Orc:2    | Found a staircase to the Elven Halls.
 43938 | Orc:2    | Reached skill level 10 in Spellcasting
 44245 | Orc:2    | Found Neaner's Distillery.
 44263 | Orc:2    | Bought a potion of resistance for 150 gold pieces
 44263 | Orc:2    | Bought a potion of might for 60 gold pieces
 44263 | Orc:2    | Bought a potion of curing for 45 gold pieces
 44263 | Orc:2    | Bought a potion of agility for 60 gold pieces
 44263 | Orc:2    | Bought a potion of heal wounds for 75 gold pieces
 44263 | Orc:2    | Bought a potion of might for 60 gold pieces
 44263 | Orc:2    | Bought a potion of heal wounds for 75 gold pieces
 44276 | Orc:2    | Found a radiant altar of Vehumet.
 44283 | Orc:2    | Noticed Erolcha
 44288 | Orc:2    | Killed Erolcha
 44295 | Orc:2    | Found Zojapo's Gadget Emporium.
 44340 | Orc:2    | Bought a wand of clouds (6) for 540 gold pieces
 44344 | Orc:2    | Noticed Nergalle
 44367 | Orc:2    | Killed Nergalle
 44387 | Orc:2    | Found an ancient bone altar of Kikubaaqudgha.
 44433 | Orc:2    | Found a roughly hewn altar of Beogh.
 44433 | Orc:2    | Found Qeshreal's Antique Armour Shoppe.
 44472 | Orc:2    | Found Ytuuc's Antique Armour Shoppe.
 44782 | Orc:2    | Bought +1 gold dragon scales for 1479 gold pieces
 44921 | Orc:1    | Found a roughly hewn altar of Beogh.
 45426 | Elf:1    | Entered Level 1 of the Elven Halls
 45923 | Elf:1    | You fall into a shaft and drop 1 floor!
 46079 | Elf:2    | Reached skill level 15 in Slings
 46189 | Elf:2    | HP: 3/86 [+4 double sword of flaming (5)]
 46213 | Elf:2    | Noticed a deep elf blademaster
 46253 | Elf:2    | Found a runed translucent gate.
 46255 | Elf:2    | Found a runed translucent gate.
 46256 | Elf:2    | Found a runed translucent gate.
 46791 | Spider:1 | Entered Level 1 of the Spider Nest
 47345 | Swamp:1  | Entered Level 1 of the Swamp
 47365 | Lair:4   | Bought runed shadow dragon scales for 2739 gold pieces
 47833 | Elf:1    | Reached skill level 1 in Armour
 48602 | Elf:1    | Cast into level 3 of the Abyss (deep elf mage)
 48777 | Abyss:3  | Found a transporter.
 48798 | Elf:1    | Escaped the Abyss
 48803 | Elf:1    | Annihilated by a white very ugly thing

Levels and vault maps discovered:
D:1:      dpeg_arrival_fog, layout_basic, roderic_lattice_a
D:2:      wad_pebble_path, layout_basic, chequers_temple_overflow_minitemple,
          nicolae_ru_great_annihilating_truth
D:3:      gammafunk_wand_slinger, layout_basic
D:4:      layout_loops_ring, kennysheep_little_box, minmay_temple_entry_ruins,
          first_ration
D:5:      layout_loops_ring, uniq_grinder, uniq_eustachio
D:6:      layout_cave_pools, serial_column_ruins, column_ruins_hut,
          column_ruins_hut, column_ruins_grid_4, column_ruins_grid_3,
          column_ruins_open_medium, column_ruins_corridor_straight,
          column_ruins_corridor_corner
D:7:      layout_layer_cave, uniq_joseph, uniq_harold, uniq_crazy_yiuf_cottage
D:8:      minmay_chambers_of_fours, layout_gridville,
          grunt_temple_overflow_lords_of_destruction, special_room
          [special_room_orc], basic_altar, grunt_livestock, hex_tiny,
          st_stairs_2
D:9:      layout_cave_pods, lair_entry_dummy, david_orc_4, serial_shops,
          kennysheep_mini, hangedman_decor_opposing, minmay_misc_feat_tower
D:10:     layout_basic, enter_bailey_2
D:11:     layout_rooms, portal_ice_cave_entry_pillars_1, grunt_ministairs_4,
          trog_wizard
D:12:     layout_gridville, minivault_26, minmay_shop_mass, uniq_nessos,
          uniq_sonja, uniq_psyche
D:13:     layout_basic, special_room [special_room_bee]
D:14:     layout_basic, david_vaults_1
D:15:     grunt_enter_depths_snipers, layout_loops_corners,
          minmay_stone_trees_medium
Lair:1:   layout_gridlike, grunt_megastairs_2, lemuel_fruit_tree
Lair:2:   layout_loops_ring, nicolae_spider_entry_tight_spaces,
          infiniplex_staircase_pool, serial_bayou_shore_a
Lair:3:   layout_small_grid, roderic_carrion_pond
Lair:4:   layout_regular_city, minmay_swamp_entry_swarm, serial_bayou_shore_b,
          grunt_megastairs_1
Lair:5:   layout_cave_pods, uniq_snorg
Lair:6:   cheibrodos_lair_end_hotspot, layout_gridlike, slime_altar_1,
          basic_altar, serial_bayou_pond_d, grunt_forest_large_clearings
Swamp:1:  layout_basic_swamp, lemuel_altar_in_water, swamp_pool4
Spider:1: nicolae_spider_hall_of_the_moth_king, nicolae_spider_ant_collections
Orc:1:    layout_caves, basic_altar, uniq_maurice
Orc:2:    kennysheep_orc_mage_school, layout_caves, serial_shops,
          nicolae_shop_statue_plus
Elf:1:    eino_elf_arrival_customs, layout_geoelf_grid, serial_glass,
          glass_columns_a, glass_columns_a, minivault_28, minivault_16,
          lemuel_blue_sif_altar, roderic_lattice_octagonal_star
Elf:2:    layout_geoelf_diagonals, serial_sigils, serial_sigils_hangedman_scar,
          serial_sigils_hangedman_snap, serial_sigils_hangedman_gnaw

Skill      XL: |  1  2  3  4  5  6  7  8  9 10 11 12 13 14 15 16 |
---------------+-------------------------------------------------+-----
Slings         | 5 6 7 8 9 10 11 12 13 14 15 | 15.0
Stealth        | 2 4 6 8 10 | 10.5
Fighting       | 2 3 4 5 7 8 10 | 10.5
Short Blades   | 1 2 3 5 6 |  6.4
Throwing       | 1 2 |  2.2
Dodging        | 4 6 7 8 9 12 13 | 13.2
Polearms       | 1 2 |  2.1
Spellcasting   | 1 4 5 7 9 10 | 10.8
Air Magic      | 5 6 7 |  7.1
Shields        | 2 7 |  7.2
Summonings     | 5 6 |  6.4
Hexes          | 2 5 |  5.4
Charms         | 5 8 |  8.0
Necromancy     | 3 5 |  5.0
Evocations     | 2 3 |  3.5
Armour         | 2 |  2.0

Action                   |  1- 3 |  4- 6 |  7- 9 | 10-12 | 13-15 | 16-18 || total
-------------------------+-------+-------+-------+-------+-------+-------++-------
Melee: Short sword       |    28 |    36 |       |    65 |    61 |       ||   190
       Rapier            |       |       |    49 |       |       |       ||    49
       Dagger            |       |       |       |    78 |   299 |   569 ||   946
       Headbutt          |       |       |       |       |    55 |   135 ||   190
 Fire: Hunting sling     |    91 |   217 |       |       |       |       ||   308
       Fustibalus        |       |    20 |   382 |   771 |  1265 |   412 ||  2850
Throw: Dart              |       |     9 |    24 |   107 |   115 |   110 ||   365
       Boomerang         |       |       |       |   464 |   319 |    55 ||   838
 Cast: Mephitic Cloud    |       |       |       |       |     2 |       ||     2
       Regeneration      |       |       |       |       |    24 |    49 ||    73
       Portal Projectile |       |       |       |       |    13 |       ||    13
       Summon Lightning  |       |       |       |       |       |     8 ||     8
Invok: Call Merchant     |       |       |       |       |       |     4 ||     4
       Potion Petition   |       |       |       |       |       |     1 ||     1
Evoke: Wand              |       |       |     2 |     6 |     1 |     1 ||    10
  Use: Scroll            |       |       |    13 |    17 |     8 |     7 ||    45
       Potion            |       |       |     1 |     2 |     1 |     6 ||    10
 Stab: Sleeping          |     4 |       |     4 |     2 |     9 |     6 ||    25
       Distracted        |       |       |     2 |       |     2 |     3 ||     7
  Eat: Ration            |       |       |     2 |     6 |     8 |     6 ||    22
Armor: Robe              |     4 |    10 |    10 |    16 |    19 |    44 ||   103
       Shadow dragon sca |       |       |       |       |       |    37 ||    37
Dodge: Dodged            |    28 |    68 |   103 |   171 |   466 |   581 ||  1417
       Deflected         |       |       |       |       |       |     4 ||     4
Block: Buckler           |       |       |     1 |    74 |   216 |   323 ||   614
